 Dungeon Crawl Stone Soup version 0.32-a0-640-gc5db3fc80f (webtiles) character file.

Game seed: 1906025085502265249

408 Armakuni the Charlatan (level 6, -3/47 HPs)
             Began as a Human Artificer on Mar 7, 2024.
             Killed from afar by Ijyb (15 damage)
             ... with a bolt of acid
             ... on level 4 of the Dungeon.
             The game lasted 00:10:47 (3220 turns).

Armakuni the Charlatan (Human Artificer)            Turns: 3220, Time: 00:10:47

Health: -3/47      AC:  7    Str: 14    XL:     6   Next: 88%
Magic:  6/6        EV: 11    Int: 12    God:
Gold:   188        SH:  0    Dex: 13    Spells: 5/5 levels left

rFire   + . .        a - +0 flail
rCold   + . .        (no shield)
rNeg    . . .        o - +0 ring mail
rPois   .            (no helmet)
rElec   +            (no cloak)
rCorr   .            f - +0 pair of gloves
SInv    .            l - +0 pair of boots
Will    .....        (no amulet)
Stlth   +            J - ring of protection from cold
HPRegen 0.27/turn    E - ring "Awnoqabuy" {rElec rF+}
MPRegen 0.10/turn

%: no passive effects
@: hasted, very quick
A: explore regen
a: no special abilities


You were on level 4 of the Dungeon.
You visited 2 branches of the dungeon, and saw 5 of its levels.

You collected 188 gold pieces.

Inventory:

Hand Weapons
 a - a +0 flail (weapon)
 b - a +0 sling
Armour
 f - a +0 pair of gloves (worn)
 i - a +0 leather armour
 l - a +0 pair of boots (worn)
 o - a +0 ring mail (worn)
Jewellery
 E - the ring "Awnoqabuy" (right hand) {rElec rF+}
   (You acquired it on level 3 of the Dungeon)

   [ring of protection from fire]

   rF+:       It protects you from fire.
   rElec:     It insulates you from electricity.
 J - a ring of protection from cold (left hand)
Wands
 c - a wand of charming (9)
Scrolls
 g - a scroll of identify
 k - a scroll of noise
Potions
 d - 2 potions of enlightenment


   Skills:
 + Level 3.3 Fighting
 - Level 3.0 Maces & Flails
 - Level 2.5 Armour
 - Level 2.5 Dodging
 - Level 1.0 Stealth
 - Level 5.0 Evocations


You had 5 spell levels left.
You didn't know any spells.
Your spell library contained the following spells:

 Spells                   Type           Power      Damage    Failure   Level
 Apportation              Tloc           0%         N/A       54%         1
 Necrotise                Necr           0%         1d4       54%         1
 Sting                    Conj/Alch      0%         1d3       54%         1
 Summon Small Mammal      Summ           0%         N/A       54%         1


Dungeon Overview and Level Annotations

Branches:
Dungeon (4/15)             Temple (1/1) D:4

Altars:
Ashenzari
Cheibriados
Dithmenos
Elyvilon
Fedhas
Kikubaaqudgha
Makhleb
Nemelex Xobeh
Okawaru
Qazlal
Sif Muna
Trog
Vehumet
Xom
Yredelemnul
The Shining One

Annotations:
D:4 Ijyb


Innate Abilities, Weirdness & Mutations

You regain HP and MP as you explore.


Message History

Aiming: Iceblast
Press: ? - help, Shift-Dir - straight line The mass of ice explodes!
The iceblast engulfs something!
Reactivating autopickup.
You feel a bit more experienced.
Things that are here:
a +0 dagger; a +0 robe You start resting.
Ijyb the Inquisitive comes into view.
She is wielding a +3 spectral club and carrying a wand of acid.
Ijyb shouts!
Aiming: Iceblast
Press: ? - help, Shift-Dir - straight line, f - Ijyb
Aim: Ijyb, wielding a +3 spectral club, wearing a +0 scale mail and carrying a wand of acid The mass of ice explodes!
The iceblast engulfs Ijyb!!
Ijyb is almost dead.
Ijyb zaps a wand.
The bolt of acid hits you.
Aiming: Iceblast
Press: ? - help, Shift-Dir - straight line, f/p - Ijyb
Aim: Ijyb, wielding a +3 spectral club, wearing a +0 scale mail and carrying a wand of acid (almost dead)
The mass of ice explodes!
The iceblast engulfs Ijyb.
Ijyb is almost dead.
The now-empty wand crumbles to dust.
Okay, then.
You feel yourself speed up. Ijyb hits you with a +3 spectral club.
The +3 spectral club hits you.
A +3 spectral club comes into view.
You closely miss Ijyb.
Ijyb is almost dead.
Ijyb zaps a wand.
The bolt of acid misses you.
You closely miss Ijyb.
Ijyb is almost dead.
The +3 spectral club disappears.
Ijyb closely misses you. The +3 spectral club hits you.
* * * LOW HITPOINT WARNING * * *
A +3 spectral club comes into view.
You hit Ijyb but do no damage.
Ijyb is almost dead.
Ijyb zaps a wand.
The bolt of acid hits you!
You die...
Ijyb moans, "Good help so hard to find!"

.....##....##........##..
.....##)...##............
......)).................
.....)#).................
.....##..................
.....##....##..)..........
.....##....##............
.....#.....#.............
.....#.....#....@........
.....'.....#....g(.......
.....#.....#.............
.....##....#.............
.....# ...............
.....# ................
.....##+._ß_.............
.<..<.............?......
.....##..................


You could see a +3 spectral club and Ijyb.

Vanquished Creatures
  A phantom (D:4)
  A hound (D:4)
  An orc wizard (D:4)
  An iguana (D:4)
  A gnoll (D:4)
  3 adders
  2 dart slugs (D:1)
  A ribbon worm (D:3)
  9 orcs
  6 ball pythons
  9 bats
  4 endoplasms
  9 goblins
  8 hobgoblins
  3 jackals (D:1)
  4 quokkas
  2 frilled lizards (D:1)
  3 kobolds
  4 rats
72 creatures vanquished.

Vanquished Creatures (collateral kills)
  An ogre (D:4)
  4 gnolls (D:4)
  An orc (D:2)
  A rat (D:1)
7 creatures vanquished.

Vanquished Creatures (others)
  A gnoll sergeant (D:4)
  An adder (D:4)
  A ball python (D:2)
3 creatures vanquished.

Grand Total: 82 creatures vanquished

Notes
Turn   | Place    | Note
-------+----------+-------------------------------------------
     0 | D:1      | Armakuni the Human Artificer began the quest for the Orb.
     0 | D:1      | Reached XP level 1. HP: 15/15 MP: 1/1
    46 | D:1      | Reached skill level 1 in Maces & Flails
   131 | D:1      | Reached XP level 2. HP: 13/21 MP: 2/2
   418 | D:1      | Reached XP level 3. HP: 20/26 MP: 3/3
  1057 | D:2      | Found a blossoming altar of Fedhas.
  1171 | D:2      | Reached XP level 4. HP: 12/33 MP: 4/4
  1542 | D:3      | Reached skill level 4 in Evocations
  2330 | D:4      | Found a broken altar of Ashenzari.
  2330 | D:4      | Found a shimmering blue altar of Sif Muna.
  2545 | D:3      | Identified a scroll of acquirement
  2545 | D:3      | Acquired the ring "Awnoqabuy" {rElec rF+}
  2564 | D:4      | Reached XP level 5. HP: 15/38 MP: 5/5
  2708 | D:4      | Noticed an ogre
  2723 | D:4      | Killed an ogre
  2724 | D:4      | Reached skill level 5 in Evocations
  2724 | D:4      | Reached XP level 6. HP: 44/44 MP: 6/6
  2746 | D:4      | Found a staircase to the Ecumenical Temple.
  2755 | Temple   | Entered the Ecumenical Temple
  2884 | D:4      | Found a sparkling altar of Nemelex Xobeh.
  3211 | D:4      | Noticed Ijyb
  3220 | D:4      | Killed from afar by Ijyb

Illustrated notes

Levels and vault maps discovered:
D:1:      scummos_arrival_simple_crosswalls, layout_rooms
D:2:      layout_basic, basic_altar, nicolae_elevator_lobby_asterisk
D:3:      layout_basic
D:4:      layout_gridville, chequers_temple_overflow_statue_of_worship,
          nemelex_dance_club_becter, minmay_temple_entry_waves, uniq_ijyb
Temple:   nicolae_temple_figure_eight

Skill      XL: |  1  2  3  4  5  6 |
---------------+-------------------+-----
Maces & Flails | 1 2 3 |  3.0
Fighting       | 2 3 |  3.3
Evocations     | 4 5 |  5.0
Dodging        | 2 |  2.5
Armour         | |  2.5
Stealth        | |  1.0

Action                     |  1- 3 |  4- 6 || total
---------------------------+-------+-------++-------
  Melee: Club              |    48 |       ||    48
         Mace              |   117 |   110 ||   227
         Flail             |       |    61 ||    61
  Evoke: Wand              |     6 |    20 ||    26
    Use: Scroll            |     2 |     7 ||     9
         Potion            |       |     1 ||     1
   Stab: Distracted        |       |     1 ||     1
 Armour: Leather armour    |   141 |    64 ||   205
         Ring mail         |       |    76 ||    76
  Dodge: Dodged            |   120 |   124 ||   244

Table legend: (Time is in decaauts)
 A = Elapsed time spent in this place.
 B = Non-inter-level travel time spent in this place.
 C = Inter-level travel time spent in this place.
 D = Time resting spent in this place.
 E = Time spent auto-exploring this place.
 F = Levels seen in this place.
 G = Mean time per level.
                   A        B        C        D        E       F      G
               +--------+--------+--------+--------+--------+-----+--------+
         Total |   3313 |   3162 |    151 |    409 |   1751 |   5 |  662.6 |
       Dungeon |   3276 |   3142 |    134 |    409 |   1751 |   4 |  819.0 |
        Temple |     36 |     19 |     17 |      0 |      0 |   1 |   36.0 |
               +--------+--------+--------+--------+--------+-----+--------+

Top non-repeatable levels by time:
     D:3: 1171 daAuts
     D:2: 841 daAuts
     D:4: 650 daAuts
     D:1: 613 daAuts
  Temple: 36 daAuts
